Match 23104183
Unlisted

Match 23104183
End
Construct Infanterie Kompanie
Grenadier Squad
MG 42 Machine Gun Team
GrW 34 Mortar Team
MG 42 Machine Gun Team
Construct Luftwaffe Kompanie
Jäger Squad
Jäger Squad
Support Elements
Wirbelwind Flakpanzer
Luftwaffe Officer Quarters
Jäger Squad
Marder III M Tank Destroyer
Medical Station
Selects Mechanized Battlegroup
Selects Spotting Scopes
Selects Stoßtruppen Assault Package
Selects Mechanized Assault
Wirbelwind Flakpanzer
Selects Raid Package
Selects StuG Assault Group
Wirbelwind Flakpanzer
Selects UNKNOWN (2160084)
Jäger Squad
Jäger Squad
Construct Infanterie Kompanie
Jäger Squad
Construct Panzer Kompanie
Panzer IV Medium Tank
Panzer IV Medium Tank
Pioneer Squad
Jäger Squad
Construct Panzer Kompanie
Panther Heavy Tank
Stoßtruppen Squad
MG 42 Machine Gun Team
Mechanized Assault
Stoßtruppen Squad
Stoßtruppen Squad
UH|XTC
UH|BluEskY
UH|dun! ツ
SWEDDY
Mechfruit
pooterin
0
0

Comments sign in to comment!

No comments posted yet!